[Event "ICC tourney 2201 (30 10)"]
[Site "Internet Chess Club"]
[Date "2020.12.13"]
[Round "2"]
[White "AlanZ"]
[Black "AdityaBang"]
[Result "1-0"]
[ICCResult "Black resigns"]
[WhiteElo "1744"]
[BlackElo "1408"]
[Opening "Réti opening"]
[ECO "A04"]
[NIC "QP.11"]
[Time "13:01:51"]
[PlyCount "85"]
[TimeControl "1800+10"]


1. Nf3 d6 2. e3 Nf6 3. c4 g6 4. Be2 Bg7 5. O-O O-O 6. Nc3 Nc6 7. b3 e5 8.
d4 Nd7 9. Bb2 Re8 10. d5 Ne7 11. Qc2 f5 12. Rfe1 b6 13. e4 f4 14. b4 a6 15.
a4 Rb8 16. Reb1 Bb7 17. Bc1 c5 18. bxc5 Nxc5 19. Ba3 h6 20. Bxc5 bxc5 21.
Rb2 Qc7 22. Ra3 Ba8 23. Rxb8 Rxb8 24. Rb3 Rf8 25. g3 g5 26. h4 fxg3 27.
fxg3 g4 28. Nd2 h5 29. Qd3 Bh6 30. Nf1 Ng6 31. Ne3 Bxe3+ 32. Qxe3 Qf7 33.
Rb1 Nf4 34. gxf4 exf4 35. Qd2 f3 36. Rf1 f2+ 37. Kg2 Kh7 38. Qe3 g3 39. Qg5
Rg8 40. Qf5+ Qxf5 41. exf5 Bb7 42. Ne4 Re8 43. Nf6+ { Black resigns } 1-0

[Event "ICC tourney 2201 (30 10)"]
[Site "Internet Chess Club"]
[Date "2020.12.13"]
[Round "2"]
[White "niftyfountain"]
[Black "MBashur"]
[Result "1-0"]
[ICCResult "Black resigns"]
[WhiteElo "1368"]
[BlackElo "1011"]
[Opening "Sicilian defense"]
[ECO "B32"]
[NIC "SI.32"]
[Time "13:02:04"]
[PlyCount "113"]
[TimeControl "1800+10"]


1. e4 c5 2. Nf3 Nc6 3. d4 cxd4 4. Nxd4 Nxd4 5. Qxd4 e6 6. c4 Qc7 7. Nc3 e5
8. Qe3 Nf6 9. Be2 d6 10. O-O Be7 11. Rd1 O-O 12. Nb5 Qc5 13. Qxc5 dxc5 14.
f3 Be6 15. Nc7 Rac8 16. Nxe6 fxe6 17. b3 Rcd8 18. Bb2 Bd6 19. Rd2 Rd7 20.
Rad1 Rfd8 21. Bc3 b6 22. Rd3 h6 23. h4 a5 24. g4 Kf7 25. g5 hxg5 26. hxg5
Nh7 27. Bxe5 Ke7 28. Bxd6+ Rxd6 29. Rxd6 Rxd6 30. Rxd6 Kxd6 31. f4 Nf8 32.
Kg2 g6 33. Kg3 Ke7 34. Bg4 Nd7 35. f5 Ne5 36. fxe6 Nd3 37. Bf5 gxf5 38.
exf5 a4 39. Kh4 axb3 40. axb3 Ne5 41. Kh5 Nf3 42. Kh6 Nd4 43. f6+ Kxe6 44.
Kg7 Nf5+ 45. Kg8 Nh4 46. f7 Ng6 47. f8=Q Nxf8 48. Kxf8 Kf5 49. Ke7 Kxg5 50.
Kd6 Kf6 51. Kc6 Ke5 52. Kxb6 Kd4 53. Kb5 Kc3 54. Kxc5 Kxb3 55. Kb5 Ka3 56.
c5 Kb2 57. c6 { Black resigns } 1-0

[Event "ICC tourney 2201 (30 10)"]
[Site "Internet Chess Club"]
[Date "2020.12.13"]
[Round "2"]
[White "RahulPeesa"]
[Black "Artem13"]
[Result "1-0"]
[ICCResult "Black resigns"]
[WhiteElo "1282"]
[BlackElo "1597"]
[Opening "Queen's pawn, Mason variation"]
[ECO "D00"]
[NIC "QP.08"]
[Time "13:02:04"]
[PlyCount "123"]
[TimeControl "1800+10"]


1. d4 d5 2. Bf4 Nc6 3. Nf3 Nf6 4. e3 Nh5 5. Bg5 f6 6. Bh4 g5 7. Nxg5 Ng7 8.
Nf3 Bg4 9. Be2 Nf5 10. Bg3 Nxg3 11. hxg3 Qd7 12. c4 dxc4 13. Bxc4 O-O-O 14.
Nc3 e5 15. d5 Na5 16. Bb5 c6 17. dxc6 Qxd1+ 18. Rxd1 Rxd1+ 19. Kxd1 bxc6
20. Ba6+ Kc7 21. Rh4 f5 22. Kc2 Bg7 23. Nh2 h5 24. f3 Kb6 25. Be2 f4 26.
fxg4 fxg3 27. Nf3 Bf6 28. Rxh5 Rd8 29. Nxe5 Nb7 30. Nc4+ Kc7 31. Rh7+ Kb8
32. Ne4 Rf8 33. Nxf6 Rxf6 34. Rh8+ Kc7 35. Rh7+ Kb8 36. Bf3 Rxf3 37. g5
Rf2+ 38. Kd3 Rxg2 39. g6 Rh2 40. g7 Nc5+ 41. Kc3 Ne4+ 42. Kb4 Nf6 43. Rh8+
Kc7 44. g8=Q Nxg8 45. Rxg8 g2 46. e4 Kd7 47. e5 Ke6 48. Rg3 a6 49. Kc5 Kd7
50. Rg7+ Ke6 51. Kxc6 Kf5 52. Kd5 a5 53. Ne3+ Kf4 54. Rxg2 Rh3 55. Kd4 Kf3
56. Rc2 Rh4+ 57. Kd3 Rh5 58. Nc4 a4 59. Rc3 Kf4 60. Kd4 Rh8 61. Nd6 Kg5 62.
Nf7+ { Black resigns } 1-0

[Event "ICC tourney 2201 (30 10)"]
[Site "Internet Chess Club"]
[Date "2020.12.13"]
[Round "2"]
[White "crazyhorse9"]
[Black "cartosky"]
[Result "1-0"]
[ICCResult "Black resigns"]
[WhiteElo "1462"]
[BlackElo "1079"]
[Opening "Sicilian: closed"]
[ECO "B23"]
[NIC "SI.44"]
[Time "13:02:11"]
[PlyCount "57"]
[TimeControl "1800+10"]


1. e4 c5 2. Nc3 d6 3. f4 Nc6 4. Nf3 g6 5. Be2 Bg7 6. O-O e6 7. d3 Nge7 8.
Qe1 Nd4 9. Nxd4 Bxd4+ 10. Kh1 O-O 11. Bd2 d5 12. Bf3 dxe4 13. dxe4 Nc6 14.
Be3 Nb4 15. Rf2 b6 16. Bxd4 cxd4 17. Rd1 Ba6 18. a3 Nc6 19. e5 Rc8 20. Ne4
Qe7 21. Nf6+ Kh8 22. Bxc6 Rxc6 23. Rxd4 Rfc8 24. Rd7 Qf8 25. c3 R6c7 26.
Rfd2 Bb5 27. R7d6 Rc6 28. Qh4 h5 29. Nxh5 { Black resigns } 1-0

[Event "ICC tourney 2201 (30 10)"]
[Site "Internet Chess Club"]
[Date "2020.12.13"]
[Round "2"]
[White "wawama"]
[Black "wawaba"]
[Result "0-1"]
[ICCResult "White checkmated"]
[WhiteElo "1094"]
[BlackElo "863"]
[Opening "Sicilian"]
[ECO "B50"]
[NIC "SI.01"]
[Time "13:01:54"]
[PlyCount "134"]
[TimeControl "1800+10"]


1. e4 c5 2. Nf3 d6 3. c3 g6 4. d3 Bg7 5. h3 Nc6 6. Be3 Nf6 7. Nbd2 b6 8.
Be2 Bb7 9. O-O O-O 10. Nh2 Qd7 11. f4 e5 12. Ng4 Nxg4 13. Bxg4 Qe7 14. fxe5
Nxe5 15. Be2 h5 16. Nf3 Nxf3+ 17. Bxf3 d5 18. Qc2 Rfe8 19. Rae1 dxe4 20.
dxe4 Bxe4 21. Bxe4 Qxe4 22. Qf2 Qb7 23. Rd1 Qe7 24. Rde1 Qc7 25. Bf4 Qb7
26. Bh2 Rxe1 27. Rxe1 Rd8 28. Kh1 Bh6 29. Be5 Rd2 30. Re2 Rxe2 31. Qxe2 Bg7
32. Bg3 Qc8 33. Qe7 a6 34. Qd6 b5 35. Bf2 c4 36. Qd2 Kh7 37. Be3 Qf5 38.
Qf2 Qxf2 39. Bxf2 Be5 40. Be3 Kg7 41. Kg1 Kf6 42. Kf2 Ke6 43. Kf3 f5 44.
Bg5 b4 45. Bd2 bxc3 46. Bxc3 Bxc3 47. bxc3 Ke5 48. Ke3 f4+ 49. Kf3 g5 50.
a3 a5 51. a4 Kf5 52. g4+ hxg4+ 53. hxg4+ Ke5 54. Ke2 Ke4 55. Kf2 Kd3 56.
Kf3 Kxc3 57. Ke4 Kd2 58. Kf5 c3 59. Kxg5 c2 60. Kf6 c1=Q 61. g5 Qc8 62. g6
Qg8 63. g7 f3 64. Kg6 f2 65. Kh6 f1=Q 66. Kh5 Qxg7 67. Kh4 Qh1# { White
checkmated } 0-1

[Event "ICC tourney 2201 (30 10)"]
[Site "Internet Chess Club"]
[Date "2020.12.13"]
[Round "2"]
[White "chessfidebullet"]
[Black "solveur"]
[Result "0-1"]
[ICCResult "White checkmated"]
[WhiteElo "1289"]
[BlackElo "1319"]
[Opening "Giuoco Pianissimo: Canal variation"]
[ECO "C50"]
[NIC "IG.02"]
[Time "13:01:56"]
[PlyCount "106"]
[TimeControl "1800+10"]


1. e4 e5 2. Nf3 Nc6 3. Bc4 Bc5 4. d3 d6 5. Bg5 Nf6 6. Nc3 h6 7. Bh4 g5 8.
Bg3 Bg4 9. Qd2 Bxf3 10. gxf3 Qd7 11. O-O-O Nd4 12. a3 O-O-O 13. Na2 Nxf3
14. Qa5 Bb6 15. Qb4 Ng4 16. Qb3 Rh7 17. Nb4 Nxf2 18. Bxf2 Bxf2 19. Nd5 Nd4
20. Qb4 Rg7 21. Nf6 Be3+ 22. Kb1 Qh3 23. Nd5 Nc6 24. Qb3 Bf4 25. Nxf4 gxf4
26. Bxf7 Nd4 27. Qa2 Rf8 28. Bd5 Kb8 29. c3 Ne2 30. Qb3 c5 31. Bc4 f3 32.
d4 exd4 33. Bxe2 fxe2 34. Rde1 Rf1 35. Ka2 Rxh1 36. Rxh1 Qf1 37. Qe6 Kc7
38. e5 Rd7 39. exd6+ Rxd6 40. Qe7+ Kc6 41. Qe4+ Kb6 42. Qe7 Rc6 43. Qd8+
Ka6 44. Rxf1 exf1=Q 45. cxd4 cxd4 46. b4 Rc2+ 47. Kb3 Qc4+ 48. Ka4 Qb5+ 49.
Kb3 Rc3+ 50. Kb2 Qe2+ 51. Kb1 Qd1+ 52. Ka2 Qb3+ 53. Ka1 Rc1# { White
checkmated } 0-1

[Event "ICC tourney 2201 (30 10)"]
[Site "Internet Chess Club"]
[Date "2020.12.13"]
[Round "2"]
[White "wildrumpus"]
[Black "auggie29"]
[Result "1-0"]
[ICCResult "Black checkmated"]
[WhiteElo "1535"]
[BlackElo "1095"]
[Opening "Queen's pawn game"]
[ECO "A45"]
[NIC "QP.07"]
[Time "13:02:14"]
[PlyCount "69"]
[TimeControl "1800+10"]


1. d4 Nf6 2. e3 e6 3. Bd3 d5 4. Nd2 c5 5. c3 Nc6 6. f4 Bd6 7. Ngf3 O-O 8.
Ne5 cxd4 9. exd4 Nd7 10. Qh5 f5 11. Ndf3 Ndxe5 12. fxe5 Be7 13. h4 g6 14.
Qh6 Rf7 15. Bg5 Qe8 16. Bxe7 Nxe7 17. Ng5 Rg7 18. O-O-O Kh8 19. Nh3 b5 20.
Nf4 Kg8 21. Rdg1 Rb8 22. g4 Rb7 23. gxf5 Nxf5 24. Bxf5 exf5 25. Rg5 Be6 26.
Rhg1 Bf7 27. Nh5 Qf8 28. Nf6+ Kh8 29. Nxh7 Qg8 30. Nf6+ Qh7 31. Nxh7 Rxh7
32. Qf8+ Bg8 33. Rxg6 Rhg7 34. Rxg7 Rxg7 35. Qxg7# { Black checkmated } 1-0

[Event "ICC tourney 2201 (30 10)"]
[Site "Internet Chess Club"]
[Date "2020.12.13"]
[Round "2"]
[White "tgeis13"]
[Black "blackjack721"]
[Result "1-0"]
[ICCResult "Black checkmated"]
[WhiteElo "1044"]
[BlackElo "1492"]
[Opening "Trompowsky attack (Ruth, Opocenský opening)"]
[ECO "A45"]
[NIC "QP.07"]
[Time "13:02:44"]
[PlyCount "79"]
[TimeControl "1800+10"]


1. d4 Nf6 2. Bg5 c5 3. d5 d6 4. Nc3 a6 5. a4 Bf5 6. Bxf6 gxf6 7. e4 Bg6 8.
f4 f5 9. e5 Nd7 10. Nf3 dxe5 11. fxe5 Bg7 12. e6 fxe6 13. Ng5 Nf8 14. Bc4
Qb6 15. Rb1 O-O-O 16. O-O h5 17. Qe2 Bd4+ 18. Kh1 e5 19. Nf3 e4 20. Nh4 e5
21. Nxf5 Rd7 22. Nxe4 Nh7 23. c3 Bxf5 24. Rxf5 Bxc3 25. Nxc3 Nf6 26. Qxe5
Ng4 27. Qxh8+ Kc7 28. Qxh5 Ne3 29. d6+ Kb8 30. Qe8+ Rd8 31. Qxe3 Rxd6 32.
Qxc5 Qd8 33. Rbf1 b6 34. Qe5 Qc7 35. Rf8+ Ka7 36. R8f7 Rd7 37. Qxc7+ Rxc7
38. Rxc7+ Kb8 39. Nd5 b5 40. Rf8# { Black checkmated } 1-0

[Event "ICC tourney 2201 (30 10)"]
[Site "Internet Chess Club"]
[Date "2020.12.13"]
[Round "2"]
[White "mmoss2932"]
[Black "kdbel"]
[Result "0-1"]
[ICCResult "White resigns"]
[WhiteElo "1669"]
[BlackElo "1892"]
[Opening "Bogo-Indian defense"]
[ECO "E11"]
[NIC "QI.01"]
[Time "13:02:00"]
[PlyCount "88"]
[TimeControl "1800+10"]


1. d4 e6 2. c4 Nf6 3. Nf3 Bb4+ 4. Bd2 a5 5. e3 O-O 6. Bd3 b6 7. O-O Bb7 8.
a3 Be7 9. Nc3 d6 10. e4 h6 11. Qe2 Nbd7 12. Rfd1 c5 13. Rac1 cxd4 14. Nxd4
Nc5 15. Bb1 a4 16. f4 Nh7 17. Be3 Qb8 18. g4 Rd8 19. Qf2 Nf6 20. Qg2 d5 21.
cxd5 exd5 22. e5 Nfe4 23. g5 hxg5 24. fxg5 Nxc3 25. bxc3 Qxe5 26. Qh3 g6
27. Qg3 Qxg3+ 28. hxg3 Ne4 29. Kg2 Bxa3 30. Rc2 Be7 31. Nb5 Bc5 32. Bf4 d4
33. Kh2 d3 34. Ra2 Bc6 35. Bxd3 Nf2 36. Rxf2 Bxf2 37. Nd4 Bxd4 38. cxd4
Rxd4 39. Bc7 Bf3 40. Rd2 b5 41. Be5 Rd7 42. Bf6 a3 43. Bc3 a2 44. Ba1 Be4 {
White resigns } 0-1

[Event "ICC tourney 2201 (30 10)"]
[Site "Internet Chess Club"]
[Date "2020.12.13"]
[Round "2"]
[White "AbleCompany"]
[Black "MikeWMason"]
[Result "1/2-1/2"]
[ICCResult "Game drawn by repetition"]
[WhiteElo "1568"]
[BlackElo "1761"]
[Opening "Benkö gambit: main line"]
[ECO "A58"]
[NIC "BI.41"]
[Time "13:01:50"]
[PlyCount "93"]
[TimeControl "1800+10"]


1. d4 Nf6 2. c4 c5 3. d5 b5 4. cxb5 a6 5. bxa6 g6 6. Nc3 Bxa6 7. e4 Bxf1 8.
Kxf1 d6 9. g3 Bg7 10. Kg2 O-O 11. Nf3 Nbd7 12. Qc2 Ng4 13. h3 Nge5 14. Nd2
Nb6 15. a4 Nec4 16. Nxc4 Nxc4 17. b3 Na5 18. Bb2 Qb6 19. Nb5 Rfc8 20. Bxg7
Kxg7 21. Rhc1 c4 22. Qb2+ Kg8 23. bxc4 Nxc4 24. Qd4 Qxd4 25. Nxd4 Kf8 26.
Nc6 Nd2 27. Re1 Nb3 28. Ra3 Na5 29. Rc1 Ke8 30. Rac3 Kd7 31. Nxa5 Rxc3 32.
Rxc3 Rxa5 33. Rc4 e6 34. dxe6+ fxe6 35. f4 d5 36. Rb4 dxe4 37. Rxe4 h5 38.
Kf3 Kd6 39. g4 hxg4+ 40. Kxg4 Ke7 41. Rb4 Kf6 42. h4 Ra6 43. Re4 Ra5 44.
Rc4 Ra6 45. Re4 Ra5 46. Rb4 Ra6 47. Re4 { Game drawn by repetition }
1/2-1/2

[Event "ICC tourney 2201 (30 10)"]
[Site "Internet Chess Club"]
[Date "2020.12.13"]
[Round "2"]
[White "Shakhmatova"]
[Black "Abror"]
[Result "0-1"]
[ICCResult "White resigns"]
[WhiteElo "1792"]
[BlackElo "1635"]
[Opening "Sicilian: Grand Prix attack"]
[ECO "B23"]
[NIC "SI.44"]
[Time "13:01:56"]
[PlyCount "120"]
[TimeControl "1800+10"]


1. e4 c5 2. Nc3 Nc6 3. f4 g6 4. Nf3 Bg7 5. d3 Nf6 6. e5 Ng8 7. g3 Nh6 8.
Bg2 O-O 9. O-O d6 10. Qe2 Bg4 11. Qf2 Bxf3 12. Bxf3 Nf5 13. Ne2 Rb8 14. c3
dxe5 15. g4 Nh6 16. Be3 exf4 17. Nxf4 Ne5 18. Rad1 Nhxg4 19. Qe2 Nxe3 20.
Qxe3 Nxf3+ 21. Qxf3 e6 22. Rd2 Bh6 23. Rdd1 Qg5+ 24. Ng2 b6 25. h4 Qd5 26.
Qg3 Rbd8 27. c4 Qd4+ 28. Rf2 e5 29. h5 e4 30. Kh1 exd3 31. Nh4 Qe4+ 32. Kh2
Rd4 33. Ng2 Bg7 34. Kg1 Qg4 35. Qf3 Qxf3 36. Rxf3 Rfd8 37. Ne3 Bh6 38. Nd5
Rxc4 39. Rfxd3 Rd4 40. Rxd4 cxd4 41. Nf6+ Kg7 42. Ng4 gxh5 43. Ne5 Be3+ 44.
Kg2 Rd5 45. Nc4 Rg5+ 46. Kh3 f5 47. Nd6 f4 48. Rf1 Rc5 49. Ne4 Rc2 50. Kh4
Rxb2 51. Kxh5 Rxa2 52. Rh1 Rg2 53. Nd6 d3 54. Nf5+ Kf6 55. Nh4 Rg1 56. Rh3
d2 57. Nf3 d1=Q 58. Kh6 Rg6+ 59. Kh5 Qd5+ 60. Kh4 Rh6+ { White resigns }
0-1

[Event "ICC tourney 2201 (30 10)"]
[Site "Internet Chess Club"]
[Date "2020.12.13"]
[Round "2"]
[White "iamvoltu"]
[Black "ybabji"]
[Result "1-0"]
[ICCResult "Black checkmated"]
[WhiteElo "1600"]
[BlackElo "1854"]
[Opening "Queen's bishop game"]
[ECO "A45"]
[NIC "QP.07"]
[Time "13:01:49"]
[PlyCount "177"]
[TimeControl "1800+10"]


1. d4 Nf6 2. Bf4 d5 3. Nf3 e6 4. e3 a6 5. a4 Bd6 6. Bg3 Nc6 7. c3 Ne7 8.
Bd3 Ng6 9. Nbd2 Qe7 10. c4 b6 11. Rc1 O-O 12. Bxd6 Qxd6 13. O-O Bb7 14. b3
Rfe8 15. Bxg6 fxg6 16. c5 bxc5 17. dxc5 Qe7 18. c6 Bc8 19. Ne5 Qd6 20. Ndf3
g5 21. h3 h5 22. Qd4 Nh7 23. Rfd1 Qe7 24. Ng6 Qf6 25. Nfe5 Rd8 26. f4 Nf8
27. Nxf8 Rxf8 28. Rf1 Qd8 29. fxg5 Qxg5 30. Rxf8+ Kxf8 31. Rf1+ Kg8 32. Nf7
Qe7 33. Rf3 a5 34. Qe5 Qxf7 35. Rxf7 Kxf7 36. Qxc7+ Kf6 37. Qf4+ Ke7 38.
Qe5 g6 39. g4 hxg4 40. hxg4 Ba6 41. Qg7+ Kd6 42. Qxg6 Rf8 43. g5 Rc8 44. e4
Rxc6 45. exd5 Kxd5 46. Qe8 Rc1+ 47. Kg2 Rc2+ 48. Kh3 Rc3+ 49. Kh4 Bf1 50.
Qd7+ Kc5 51. Qc7+ Kb4 52. Qb6+ Ka3 53. Qxa5 Rxb3 54. Qc5+ Ka2 55. Qf2+ Ka3
56. Qxf1 Kxa4 57. Qa1+ Kb4 58. Qd4+ Ka3 59. Qd6+ Kb2 60. Qxe6 Kc3 61. Qxb3+
Kxb3 62. g6 Kc4 63. g7 Kc3 64. g8=R Kd4 65. Re8 Kd5 66. Kg5 Kd6 67. Kf6 Kd7
68. Re1 Kd6 69. Rd1+ Kc5 70. Ke5 Kc4 71. Ke4 Kc3 72. Ke3 Kc2 73. Rd8 Kc3
74. Rc8+ Kb4 75. Kd4 Kb5 76. Kd5 Kb6 77. Kd6 Kb7 78. Rc1 Kb8 79. Kd7 Kb7
80. Rb1+ Ka6 81. Kc6 Ka5 82. Kc5 Ka6 83. Rb2 Ka7 84. Kc6 Ka8 85. Rh2 Ka7
86. Rh8 Ka6 87. Rh6 Ka5 88. Rh4 Ka6 89. Ra4# { Black checkmated } 1-0

[Event "ICC tourney 2201 (30 10)"]
[Site "Internet Chess Club"]
[Date "2020.12.13"]
[Round "3"]
[White "e4h5"]
[Black "cartosky"]
[Result "1-0"]
[ICCResult "Black checkmated"]
[WhiteElo "1239"]
[BlackElo "1079"]
[Opening "Sicilian: dragon, Yugoslav attack, Rauser variation"]
[ECO "B76"]
[NIC "SI.25"]
[Time "15:02:06"]
[PlyCount "41"]
[TimeControl "1800+10"]


1. e4 c5 2. Nf3 d6 3. d4 cxd4 4. Nxd4 Nf6 5. Nc3 Nc6 6. f3 g6 7. Be3 Bg7 8.
Qd2 O-O 9. O-O-O Na5 10. g4 a6 11. h4 b5 12. h5 Nc4 13. Bxc4 bxc4 14. hxg6
fxg6 15. Bh6 a5 16. Bxg7 Kxg7 17. Qh6+ Kg8 18. g5 Nh5 19. Rxh5 gxh5 20. g6
e5 21. Qxh7# { Black checkmated } 1-0

[Event "ICC tourney 2201 (30 10)"]
[Site "Internet Chess Club"]
[Date "2020.12.13"]
[Round "3"]
[White "loonyafternoon"]
[Black "shreyanshdaga"]
[Result "0-1"]
[ICCResult "White resigns"]
[WhiteElo "1156"]
[BlackElo "347"]
[Opening "Sicilian: accelerated fianchetto, modern variation with Bc4"]
[ECO "B35"]
[NIC "SI.34"]
[Time "15:01:55"]
[PlyCount "46"]
[TimeControl "1800+10"]


1. e4 c5 2. Nf3 Nc6 3. d4 cxd4 4. Nxd4 Nf6 5. Nc3 g6 6. Be3 Bg7 7. Bc4 O-O
8. Qd2 d6 9. Bh6 Bg4 10. Bxg7 Kxg7 11. f3 Bd7 12. O-O Qb6 13. Ne2 e5 14. f4
exd4 15. b3 Nxe4 16. Qd3 Bf5 17. Qd1 d3+ 18. Kh1 dxe2 19. Qxe2 Rfe8 20. Qd1
Nf2+ 21. Rxf2 Qxf2 22. h3 Be4 23. Qg1 Qxc2 { White resigns } 0-1

[Event "ICC tourney 2201 (30 10)"]
[Site "Internet Chess Club"]
[Date "2020.12.13"]
[Round "3"]
[White "blackjack721"]
[Black "wawama"]
[Result "1-0"]
[ICCResult "Black resigns"]
[WhiteElo "1492"]
[BlackElo "1094"]
[Opening "Sicilian: closed, 2...Nc6"]
[ECO "B23"]
[NIC "SI.44"]
[Time "15:02:04"]
[PlyCount "50"]
[TimeControl "1800+10"]


1. e4 c5 2. Nc3 Nc6 3. Bc4 e6 4. f4 d6 5. Nf3 h6 6. d4 cxd4 7. Nxd4 Bd7 8.
O-O a6 9. a3 Rc8 10. Ba2 g6 11. f5 Bg7 12. Nce2 g5 13. fxe6 fxe6 14. Bxe6
Bxd4+ 15. Nxd4 Nxd4 16. Bf7+ Ke7 17. Qxd4 Rh7 18. Bg6 Rxc2 19. Bxh7 Be6 20.
e5 d5 21. Bxc2 Kd7 22. Be3 Ne7 23. Qa7 Qc8 24. Ba4+ Nc6 25. Rac1 Ke7 {
Black resigns } 1-0

[Event "ICC tourney 2201 (30 10)"]
[Site "Internet Chess Club"]
[Date "2020.12.13"]
[Round "3"]
[White "wawaba"]
[Black "eggonlea"]
[Result "0-1"]
[ICCResult "White checkmated"]
[WhiteElo "863"]
[BlackElo "1826"]
[Opening "Sicilian: Pelikan (Lasker/Sveshnikov) variation"]
[ECO "B33"]
[NIC "SI.35"]
[Time "15:02:09"]
[PlyCount "76"]
[TimeControl "1800+10"]


1. e4 c5 2. Nf3 Nc6 3. d4 cxd4 4. Nxd4 Nf6 5. Nc3 e5 6. Nb3 Bb4 7. Bd3 d5
8. exd5 Nxd5 9. Bd2 Nxc3 10. bxc3 Bd6 11. O-O O-O 12. Re1 Be6 13. Be3 b6
14. Be4 Rc8 15. Qf3 Ne7 16. Rad1 Qc7 17. Rd3 f5 18. Red1 fxe4 19. Qxe4 Bf5
20. Qh4 Bxd3 21. Rxd3 Nf5 22. Qe4 Nxe3 23. Qxe3 Bc5 24. Nxc5 Qxc5 25. Qe1
h6 26. h3 Rc7 27. Rd2 Qxc3 28. Qd1 Rcf7 29. Qe1 Rd7 30. Re2 Qxe1+ 31. Rxe1
Rd2 32. Rxe5 Rfxf2 33. Re8+ Kh7 34. Ra8 Rxg2+ 35. Kf1 Rh2 36. Ke1 Rxc2 37.
Kd1 Rxa2 38. Kc1 Rh1# { White checkmated } 0-1

[Event "ICC tourney 2201 (30 10)"]
[Site "Internet Chess Club"]
[Date "2020.12.13"]
[Round "3"]
[White "chesslin"]
[Black "iamvoltu"]
[Result "1-0"]
[ICCResult "Black checkmated"]
[WhiteElo "1804"]
[BlackElo "1600"]
[Opening "Queen's pawn: London system"]
[ECO "A45"]
[NIC "QP.07"]
[Time "15:02:15"]
[PlyCount "37"]
[TimeControl "1800+10"]


1. d4 Nf6 2. Bf4 g6 3. Nc3 Bg7 4. e4 d6 5. Qd2 Nbd7 6. O-O-O O-O 7. Nf3 Qe8
8. e5 Nh5 9. Bh6 dxe5 10. Bxg7 Nxg7 11. dxe5 e6 12. Bb5 c6 13. Be2 Qe7 14.
Ne4 Nb6 15. Nf6+ Kh8 16. Qh6 Qxf6 17. exf6 Rg8 18. Ng5 Rf8 19. Qxh7# {
Black checkmated } 1-0

[Event "ICC tourney 2201 (30 10)"]
[Site "Internet Chess Club"]
[Date "2020.12.13"]
[Round "3"]
[White "baldwinsthename"]
[Black "MBashur"]
[Result "0-1"]
[ICCResult "White checkmated"]
[WhiteElo "1215"]
[BlackElo "1011"]
[Opening "Queen's Pawn"]
[ECO "A41"]
[NIC "QO.17"]
[Time "15:02:01"]
[PlyCount "78"]
[TimeControl "1800+10"]


1. d4 d6 2. c3 Nf6 3. Bf4 c6 4. Nd2 Qb6 5. Qc2 g6 6. h3 Bg7 7. Ngf3 O-O 8.
e4 c5 9. Nc4 Qc7 10. Bd3 cxd4 11. Nxd4 e5 12. Nb5 Qe7 13. Bg5 Re8 14. Nbxd6
Rd8 15. Nxc8 Rxc8 16. O-O-O Na6 17. f4 h6 18. Bxf6 Bxf6 19. fxe5 Bxe5 20.
Rhf1 Nc5 21. Kb1 Nxd3 22. Qxd3 Re8 23. Rfe1 Rac8 24. Ne3 Kh8 25. Nd5 Qc5
26. Rf1 Kg8 27. g4 Qc4 28. Qf3 Kh8 29. Qxf7 Rf8 30. Qxg6 Rxf1 31. Qxh6+ Kg8
32. Ne7+ Kf7 33. Qh7+ Ke8 34. Qh5+ Kxe7 35. Qxe5+ Kf7 36. Rxf1+ Qxf1+ 37.
Kc2 Rd8 38. Qc7+ Ke8 39. Qxb7 Qd1# { White checkmated } 0-1

[Event "ICC tourney 2201 (30 10)"]
[Site "Internet Chess Club"]
[Date "2020.12.13"]
[Round "3"]
[White "MikeWMason"]
[Black "RahulPeesa"]
[Result "1-0"]
[ICCResult "Black checkmated"]
[WhiteElo "1761"]
[BlackElo "1282"]
[Opening "Caro-Kann: classical, 7...Nd7"]
[ECO "B18"]
[NIC "CK.10"]
[Time "15:01:56"]
[PlyCount "63"]
[TimeControl "1800+10"]


1. e4 c6 2. d4 d5 3. Nd2 dxe4 4. Nxe4 Bf5 5. Ng3 Bg6 6. Nf3 Nd7 7. h4 h6 8.
Bd3 Bxd3 9. Qxd3 e6 10. Bd2 Bd6 11. O-O-O Ngf6 12. Ne4 Nxe4 13. Qxe4 Nf6
14. Qe2 O-O 15. Ne5 Nd5 16. g4 Qc7 17. f4 b5 18. g5 Kh7 19. Rdg1 g6 20. h5
Kg7 21. gxh6+ Kh7 22. Nxg6 Rg8 23. Ne5 f6 24. Rg6 fxe5 25. fxe5 Bb4 26. c3
Ba5 27. Qe4 Kh8 28. Rhg1 b4 29. Qg4 Qh7 30. Rg7 Rxg7 31. hxg7+ Kg8 32.
Qxe6# { Black checkmated } 1-0

[Event "ICC tourney 2201 (30 10)"]
[Site "Internet Chess Club"]
[Date "2020.12.13"]
[Round "3"]
[White "solveur"]
[Black "weakfish"]
[Result "1-0"]
[ICCResult "Black resigns"]
[WhiteElo "1319"]
[BlackElo "1587"]
[Opening "QGD Slav defense"]
[ECO "D10"]
[NIC "SL.01"]
[Time "15:01:58"]
[PlyCount "83"]
[TimeControl "1800+10"]


1. d4 d5 2. c4 c6 3. e3 Nf6 4. Nc3 Bf5 5. Nf3 e6 6. Be2 Be7 7. O-O O-O 8.
b3 Nbd7 9. Bb2 Re8 10. Rc1 Rc8 11. Bd3 Bxd3 12. Qxd3 dxc4 13. bxc4 Qb6 14.
Ba1 Qa5 15. Rb1 Qc7 16. Rfc1 Nb6 17. e4 Red8 18. Qe2 Qf4 19. c5 Nbd7 20. g3
Qc7 21. Qb2 Rb8 22. Qa3 b6 23. e5 Nd5 24. Ne4 bxc5 25. dxc5 Rxb1 26. Rxb1
Rb8 27. Rc1 f6 28. Nd6 a5 29. Bd4 Rb4 30. exf6 gxf6 31. Nc4 e5 32. Be3 Nxe3
33. fxe3 Bxc5 34. Kf2 Rxc4 35. Qb3 Nb6 36. Rxc4 Nxc4 37. Qxc4+ Kg7 38. Qxc5
Kg6 39. Nd2 f5 40. Nc4 Kf6 41. Qxa5 e4 42. Qxc7 { Black resigns } 1-0

[Event "ICC tourney 2201 (30 10)"]
[Site "Internet Chess Club"]
[Date "2020.12.13"]
[Round "3"]
[White "kaleblancman"]
[Black "AbleCompany"]
[Result "1-0"]
[ICCResult "Black resigns"]
[WhiteElo "1819"]
[BlackElo "1568"]
[Opening "Queen's pawn: London system"]
[ECO "A45"]
[NIC "QP.07"]
[Time "15:01:56"]
[PlyCount "45"]
[TimeControl "1800+10"]


1. d4 Nf6 2. Bf4 d5 3. e3 c5 4. dxc5 e6 5. b4 a5 6. c3 axb4 7. cxb4 b6 8.
Bxb8 Rxb8 9. Bb5+ Ke7 10. c6 Qc7 11. Nf3 e5 12. O-O Bg4 13. h3 Bh5 14. Nc3
Rd8 15. Rc1 e4 16. g4 Bxg4 17. hxg4 Nxg4 18. Re1 exf3 19. Qxf3 Qh2+ 20. Kf1
h5 21. e4 d4 22. Nd5+ Kd6 23. c7 { Black resigns } 1-0

[Event "ICC tourney 2201 (30 10)"]
[Site "Internet Chess Club"]
[Date "2020.12.13"]
[Round "3"]
[White "niftyfountain"]
[Black "mmoss2932"]
[Result "1/2-1/2"]
[ICCResult "White stalemated"]
[WhiteElo "1368"]
[BlackElo "1669"]
[Opening "French: Tarrasch, closed variation"]
[ECO "C05"]
[NIC "FR.16"]
[Time "15:02:44"]
[PlyCount "172"]
[TimeControl "1800+10"]


1. e4 e6 2. d4 d5 3. Nd2 Nf6 4. e5 Ne4 5. Ngf3 Nxd2 6. Bxd2 c5 7. c3 Nc6 8.
Bb5 Bd7 9. O-O Nxe5 10. Bxd7+ Nxd7 11. Re1 Be7 12. Qe2 O-O 13. h3 Rc8 14.
Bf4 Nf6 15. Bh2 Ne4 16. Nd2 Nxd2 17. Qxd2 cxd4 18. Qxd4 Bf6 19. Qd3 a6 20.
Rac1 Qa5 21. a3 Rc4 22. Rb1 Rfc8 23. Be5 Bxe5 24. Rxe5 Qd8 25. Re3 b5 26.
Rd1 Qc7 27. g3 g6 28. Kg2 Qc6 29. Kh2 a5 30. Rb1 b4 31. axb4 axb4 32. cxb4
Rxb4 33. Re2 Qc4 34. Qd2 Qd4 35. Qxd4 Rxd4 36. b4 Rb8 37. b5 Rc4 38. b6 Rb7
39. Ra2 Rc6 40. Ra8+ Kg7 41. Ra6 e5 42. Rb5 Rd6 43. Raa5 Rbxb6 44. Rxb6
Rxb6 45. Rxd5 Re6 46. Kg2 h5 47. Kf3 f5 48. Kg2 g5 49. Rd7+ Kg6 50. Rd5 e4
51. Kf1 f4 52. Kg2 e3 53. fxe3 fxe3 54. Rd1 e2 55. Re1 Kf5 56. Kf3 Re5 57.
g4+ hxg4+ 58. hxg4+ Kf6 59. Rxe2 Rxe2 60. Kxe2 Ke6 61. Kf2 Kd5 62. Kf3 Kd4
63. Kg3 Ke4 64. Kf2 Kf4 65. Kf1 Kxg4 66. Kg2 Kf4 67. Kf2 g4 68. Kg2 Kg5 69.
Kg3 Kh5 70. Kg2 Kh4 71. Kh2 Kg5 72. Kg3 Kf5 73. Kg2 Kf4 74. Kf2 g3+ 75. Kg2
Kg4 76. Kg1 Kf3 77. Kf1 Ke3 78. Kg2 Kf4 79. Kg1 Kg4 80. Kg2 Kf4 81. Kg1 Kf3
82. Kf1 Ke3 83. Kg2 Kf4 84. Kg1 Kf3 85. Kf1 g2+ 86. Kg1 Kg3 { White
stalemated } 1/2-1/2